 Dungeon Crawl Stone Soup version 0.28-a0-1555-g9ae15a6949 (webtiles) character file.

Game seed: 3751607452448128495

300 issech the Cudgeller (level 6, -2/60 (61) HPs)
             Began as a Troll Fighter on Jan 18, 2022.
             Was a Priest of Jiyva.
             Slain by Crazy Yiuf (7 damage)
             ... on level 3 of the Dungeon.
             The game lasted 00:09:02 (2515 turns).

issech the Cudgeller (Troll Fighter)                Turns: 2515, Time: 00:09:04

HP:   -2/60 (61)    AC:  4    Str: 27    XL:     6   Next: 13%
MP:   5/5           EV:  9    Int:  4    God:    Jiyva [***...]
Gold: 68            SH:  7    Dex:  9    Spells: 5/5 levels left

rFire   . . .      SeeInvis .   a - +0 flail
rCold   + + .      Faith    +   c - +0 kite shield
rNeg    . . .      Spirit   .   b - +0 robe
rPois   .          Reflect  .   (helmet restricted)
rElec   +          Harm     .   (no cloak)
rCorr   +          Rampage  .   (gloves unavailable)
Will    .....                   (boots unavailable)
Stlth   +.........              t - amulet of faith
HPRegen 2.12/turn               (no ring)
MPRegen 0.44/turn               (no ring)

@: mighty, lightly drained
A: large, unfitting armour, claws 3, regeneration 1, shaggy fur 1, tough skin 1,
cold resistance 2, electricity resistance, jelly sensing items
a: Renounce Religion, Oozemancy


You were on level 3 of the Dungeon.
You worshipped Jiyva.
Jiyva was most pleased with you.
You visited 1 branch of the dungeon, and saw 3 of its levels.

You collected 68 gold pieces.

Inventory:

Hand Weapons
 a - a +0 flail (weapon)
 d - a +0 scythe
 e - a +0 club
 f - a +0 short sword
 i - a +0 short sword
 m - a +0 hand axe
 n - a +0 club
 o - a +0 dagger
 q - a +0 short sword
 r - a +0 dagger
 s - a +0 dagger
 u - a +0 club
 x - a +0 dagger
 z - a -3 dagger
 A - a +0 club
 B - a +0 dagger
 C - a +0 whip
 D - a +0 spear
 E - a +0 short sword
 F - a +0 short sword
 I - a +0 dagger
Missiles
 l - 49 stones (quivered)
 p - 22 bolts
Armour
 b - a +0 robe (worn)
 c - a +0 kite shield (worn)
 g - a +0 pair of gloves
 h - a +0 ring mail
 j - a +0 plate armour
 y - a +0 leather armour
 H - a +0 robe
 J - a +0 robe
Jewellery
 t - an amulet of faith (around neck)
Scrolls
 k - 2 scrolls of identify {unknown}
 v - 2 scrolls of fear {unknown}
 w - a scroll of teleportation {unknown}
Potions
 G - a potion of resistance {unknown}


   Skills:
 + Level 3.1 Fighting
 + Level 3.7 Maces & Flails
 + Level 3.3 Dodging
 + Level 0.6 Stealth
 + Level 3.3 Shields


You had 5 spell levels left.
You didn't know any spells.
Your spell library contained the following spells:

 Spells                   Type           Power      Damage    Failure   Level
 Shock                    Conj/Air       0%         1d3       80%         1
 Swiftness                Air            0%         N/A       99%         3
 Airstrike                Air            0%         N/A       100%        4


Dungeon Overview and Level Annotations

Branches:
Dungeon (3/15)

Altars:
Jiyva

Annotations:
D:3 3 runed translucent doors, Crazy Yiuf; sirJeffrey23's ghost, amateur HuGl


Innate Abilities, Weirdness & Mutations

You are too large for most types of armour.
You have claws for hands.
Your natural rate of healing is unusually fast.
You are covered in fur. (AC +1)
You have tough skin. (AC +1)
Your flesh is very cold resistant. (rC++)
You are resistant to electric shocks. (rElec)
You have a small jelly attached to you that senses nearby items.


Message History

Crazy Yiuf is lightly wounded.
Crazy Yiuf says, "Shadow!"
You block Crazy Yiuf's attack.
You thump Crazy Yiuf!
Crazy Yiuf is heavily wounded.
Crazy Yiuf grits, "Liver rumpyflump bag!"
Crazy Yiuf completely misses you.
Crazy Yiuf glowers.
Crazy Yiuf hits you with a +3 quarterstaff of chaos!
Crazy Yiuf draws strength from your wounds!
You closely miss Crazy Yiuf. You block Crazy Yiuf's attack.
You barely miss Crazy Yiuf.
Crazy Yiuf says, "Liver!"
You block Crazy Yiuf's attack.
You barely miss Crazy Yiuf.
Crazy Yiuf hits you with a +3 quarterstaff of chaos! x2
You closely miss Crazy Yiuf. Crazy Yiuf barely misses you.
You barely miss Crazy Yiuf.
Crazy Yiuf hits you with a +3 quarterstaff of chaos!
Crazy Yiuf says, "Announcement!"
Crazy Yiuf hits you with a +3 quarterstaff of chaos!
Crazy Yiuf burns you.
* * * LOW HITPOINT WARNING * * *
You sock Crazy Yiuf!
Crazy Yiuf is heavily wounded.
Crazy Yiuf hits you with a +3 quarterstaff of chaos.
* * * LOW HITPOINT WARNING * * *
You feel drained.
* * * LOW HITPOINT WARNING * * *
You sock Crazy Yiuf!
Crazy Yiuf is almost dead.
Crazy Yiuf yells, "Snoogle!"
You block Crazy Yiuf's attack.
You barely miss Crazy Yiuf.
Crazy Yiuf is almost dead.
Crazy Yiuf hits you with a +3 quarterstaff of chaos!
* * * LOW HITPOINT WARNING * * *
You feel very mighty all of a sudden.
Crazy Yiuf hits you with a +3 quarterstaff of chaos!
You die...

....#.#..#..#.>.....#
...................##
...##.#.......#...##
...##.#.###########
......#.# ......#.#
.....#..##♣♣ ###
###..#...#.♣♣ ♣♣#..)#
#..#.....P♣♣♣♣@g...#
#..##...P..♣..♣#...#
...###.#..♣.♣♣♣ ###
....# ###♣♣♣♣♣ .###


You could see Crazy Yiuf.

Vanquished Creatures
  Sigmund (D:3)
  Natasha (twice) (D:2)
  An orc wizard (D:3)
  2 adders
  2 dart slugs
  3 endoplasms (D:1)
  2 giant cockroaches (D:1)
  3 hobgoblins
  3 jackals (D:2)
  4 quokkas
  4 ball pythons
  8 bats
  3 frilled lizards
  4 goblins
  9 kobolds
  6 rats
57 creatures vanquished.

Vanquished Creatures (others)
  A jelly (D:2)
  Natasha (D:2)
  Robin (D:2)
  2 adders
  3 orcs (D:3)
  An endoplasm (D:2)
  11 goblins
  3 hobgoblins
  A jackal (D:2)
  A quokka (D:2)
  3 ball pythons (D:3)
  A bat (D:3)
  2 frilled lizards (D:3)
  2 kobolds (D:3)
  3 rats
  A fungus (D:3)
  A plant (D:1)
38 creatures vanquished.

Grand Total: 95 creatures vanquished

Notes
Turn   | Place    | Note
-------+----------+-------------------------------------------
     0 | D:1      | issech the Troll Fighter began the quest for the Orb.
     0 | D:1      | Reached XP level 1. HP: 22/22 MP: 0/0
   104 | D:1      | Reached XP level 2. HP: 29/29 MP: 1/1
   556 | D:1      | Reached XP level 3. HP: 35/36 MP: 2/2
   744 | D:1      | Found a faded altar of an unknown god.
   755 | D:1      | Prayed at the altar of an unknown god.
   755 | D:1      | Became a worshipper of Jiyva Jowirph the Shapeless
   755 | D:1      | Reached * piety under Jiyva
   986 | D:2      | Noticed Natasha
   989 | D:2      | Killed Natasha
  1115 | D:2      | Noticed Natasha
  1125 | D:2      | Killed Natasha
  1126 | D:2      | Reached XP level 4. HP: 36/44 MP: 3/3
  1339 | D:2      | Reached ** piety under Jiyva
  1509 | D:2      | Killed Robin
  1549 | D:2      | Killed Natasha
  2236 | D:3      | Reached *** piety under Jiyva
  2260 | D:3      | Found a runed translucent gate.
  2260 | D:3      | Found a runed translucent gate.
  2261 | D:3      | Found a runed translucent gate.
  2263 | D:3      | Noticed sirJeffrey23's ghost (amateur HuGl)
  2264 | D:3      | Identified the +5 hunting sling of Destruction {flame,
                  | rPois rC+ MP+9}
  2264 | D:3      | Identified the +2 scale mail of Intercession {Dex+2}
  2307 | D:3      | Noticed Sigmund
  2315 | D:3      | Killed Sigmund
  2316 | D:3      | Reached XP level 5. HP: 53/53 MP: 4/4
  2316 | D:3      | Reached XP level 6. HP: 61/61 MP: 5/5
  2420 | D:3      | Gained mutation: You have a small jelly attached to you
                  | that senses nearby items. [Jiyva's grace]
  2420 | D:3      | Gained mutation: You are resistant to electric shocks.
                  | (rElec) [Jiyva's grace]
  2420 | D:3      | Gained mutation: Your flesh is cold resistant. (rC+)
                  | [Jiyva's grace]
  2420 | D:3      | Gained mutation: Your flesh is very cold resistant. (rC++)
                  | [Jiyva's grace]
  2501 | D:3      | Found a runed translucent door.
  2502 | D:3      | Noticed Crazy Yiuf
  2515 | D:3      | Slain by Crazy Yiuf

Illustrated notes

Levels and vault maps discovered:
D:1:      tarquinn_simple_flora_water_c, layout_loops_corners,
          ebering_ecumenical_altar_rust, minmay_pentomino_z4
D:2:      layout_loops_corners, kennysheep_big_empty_room,
          nicolae_elevator_lobby_asterisk, uniq_robin, uniq_natasha
D:3:      minmay_spotlight, layout_loops_cross, biasface_ghost_orc_armoury,
          minmay_randomly_rotated_circles, uniq_crazy_yiuf_cottage, uniq_sigmund

Skill      XL: |  1  2  3  4 |
---------------+-------------+-----
Maces & Flails | 2 3 |  3.7
Fighting       | 3 |  3.1
Dodging        | 3 |  3.3
Shields        | 3 |  3.3
Stealth        | |  0.6

Action                   |  1- 3 |  4- 6 || total
-------------------------+-------+-------++-------
Melee: Flail             |    85 |   101 ||   186
  Use: Potion            |       |     1 ||     1
 Stab: Sleeping          |     2 |     2 ||     4
Armor: Robe              |    42 |    44 ||    86
Dodge: Dodged            |    37 |    43 ||    80
Block: Kite shield       |    25 |    54 ||    79

Table legend: (Time is in decaauts)
 A = Elapsed time spent in this place.
 B = Non-inter-level travel time spent in this place.
 C = Inter-level travel time spent in this place.
 D = Time resting spent in this place.
 E = Time spent auto-exploring this place.
 F = Levels seen in this place.
 G = Mean time per level.
                   A        B        C        D        E       F      G
               +--------+--------+--------+--------+--------+-----+--------+
         Total |   2607 |   2607 |      0 |      0 |   1631 |   3 |  869.0 |
       Dungeon |   2607 |   2607 |      0 |      0 |   1631 |   3 |  869.0 |
               +--------+--------+--------+--------+--------+-----+--------+

Top non-repeatable levels by time:
     D:2: 1121 daAuts
     D:1: 1014 daAuts
     D:3: 472 daAuts
